 Dungeon Crawl Stone Soup version 0.32-a0-540-g866d13106e (webtiles) character file.

Game seed: 401153728624527736

186 ezpacito the Trooper (level 5, 0/41 HPs)
             Began as a Demonspawn Chaos Knight on Feb 28, 2024.
             Was a Plaything of Xom.
             Slain by a gnoll
             ... wielding a +0 spear
              (3 damage)
             ... on level 3 of the Dungeon.
             The game lasted 00:04:29 (2073 turns).

ezpacito the Trooper (Demonspawn Chaos Knight)      Turns: 2073, Time: 00:04:31

Health: 0/41       AC:  8    Str: 14    XL:     5   Next: 38%
Magic:  6/6        EV:  6    Int: 13    God:    Xom [...*..]
Gold:   118        SH:  0    Dex: 18    Spells: 5/5 levels left

rFire   . . .        a - +0 hand axe (chaos)
rCold   . . .        (no shield)
rNeg    . . .        b - +2 leather armour
rPois   .            (helmet restricted)
rElec   .            (no cloak)
rCorr   .            (no gloves)
SInv    .            (no boots)
Will    +....        (no amulet)
Stlth   ++           m - +6 ring of dexterity
HPRegen 0.26/turn    (no ring)
MPRegen 0.10/turn

%: no passive effects
@: attractive, enlightened, flying, held
A: antennae 1, yellow scales 2
a: Renounce Religion


You were on level 3 of the Dungeon.
You worshipped Xom.
You were a favourite toy of Xom.
You visited 1 branch of the dungeon, and saw 3 of its levels.

You collected 118 gold pieces.

Inventory:

Hand Weapons
 a - a +0 hand axe of chaos (weapon)
Missiles
 g - a throwing net (quivered)
 s - 3 boomerangs
Armour
 b - a +2 leather armour (worn)
Magical Staves
 e - a staff of air
Jewellery
 m - a +6 ring of dexterity (left hand)
Wands
 n - a wand of flame (18)
Scrolls
 c - a scroll of butterflies
 d - 2 scrolls of brand weapon
 f - a scroll of acquirement {unknown}
 j - a scroll of teleportation {unknown}
 k - a scroll of amnesia {unknown}
 l - a scroll of fear {unknown}
 o - a scroll of poison {unknown}
 q - a scroll of enchant armour {unknown}
Potions
 h - 2 potions of cancellation
 r - a potion of curing


   Skills:
 * Level 3.5 Fighting
 * Level 3.2(3.3) Axes
 + Level 1.0(2.3) Polearms
 * Level 2.4 Armour
 * Level 2.1 Dodging
 + Level 1.1 Stealth
 * Level 1.5 Unarmed Combat
 + Level 0.8 Spellcasting
 + Level 0.6 Evocations


You had 5 spell levels left.
You didn't know any spells.
Your spell library contained the following spells:

 Spells                   Type           Power      Damage    Failure   Level
 Foxfire                  Conj/Fire      0%         2x1d4     34%         1
 Plasma Beam              Fire/Air       0%         2x1d10    100%        6
 Starburst                Conj/Fire      0%         6d3       100%        6


Dungeon Overview and Level Annotations

Branches:
Dungeon (3/15)

Altars:


Innate Abilities, Weirdness & Mutations

You have a pair of small antennae on your head.
You are mostly covered in yellow scales. (AC +3)


Message History

The gnoll hits you with a +0 club.
A gnoll comes into view.
It is wielding a +0 halberd and quivering 2 throwing nets.
The gnoll closely misses you.
You hit the gnoll. You burn the gnoll.
The gnoll is severely wounded.
The gnoll hits you but does no damage. The gnoll closely misses you.
The gnoll misses you.
You hit the gnoll but do no damage.
The gnoll is severely wounded.
The gnoll closely misses you.
The gnoll throws a throwing net.
The throwing net hits you.
You become entangled in the net!
The gnoll hits you but does no damage.
You are held in a net!
It was a potion of attraction.
You feel attractive to monsters.
Xom roars with laughter!
The gnoll hits you but does no damage. The gnoll barely misses you.
The gnoll is attracted toward you. x2
You struggle against the net.
The gnoll hits you with a +0 club. The gnoll barely misses you.
The gnoll hits you but does no damage.
The bombardier beetle is attracted toward you.
You struggle against the net.
The gnoll hits you with a +0 club. The gnoll hits you with a +0 halberd!
The gnoll hits you with a +0 spear.
You tear a large gash into the net.
The gnoll hits you with a +0 club.
* * * LOW HITPOINT WARNING * * *
The gnoll barely misses you. The gnoll hits you with a +0 spear.
* * * LOW HITPOINT WARNING * * *
It was a potion of enlightenment.
You feel very buoyant.
You fly up into the air.
The gnoll barely misses you. The gnoll hits you with a +0 halberd!
* * * LOW HITPOINT WARNING * * *
The gnoll hits you but does no damage.
You feel better.
The bombardier beetle barely misses you.
The gnoll hits you but does no damage. The gnoll hits you with a +0 halberd.
* * * LOW HITPOINT WARNING * * *
The gnoll hits you with a +0 spear.
You die...
Xom chortles!

##.## #.### #.
#.####.########...#
#.
#..............##.#
##
#.#####.######.##.#
##.######.##.#####
#.................
#..#########.#####
#######..# #.#
......g@.# #.#
##....ggB...... #.#
###.....#####. #.#
#.##..# #.# #. #...
B ..# #, #..## #..#
#..#


g You could see a bombardier beetle and 3 gnolls.

Vanquished Creatures
  Jessica (D:2)
  Terence (D:2)
  Natasha (thrice) (D:2)
  2 dart slugs
  2 endoplasms (D:1)
  4 giant cockroaches
  5 goblins
  3 hobgoblins
  4 jackals (D:1)
  3 quokkas
  6 ball pythons
  7 bats
  3 frilled lizards (D:2)
  6 kobolds
  10 rats (D:1)
60 creatures vanquished.

Notes
Turn   | Place    | Note
-------+----------+-------------------------------------------
     0 | D:1      | ezpacito the Demonspawn Chaos Knight began the quest for
                  | the Orb.
     0 | D:1      | Reached XP level 1. HP: 18/18 MP: 1/1
    20 | D:1      | Reached skill level 1 in Dodging
    25 | D:1      | Gained mutation: You are partially covered in yellow
                  | scales. (AC +2) [demonic ancestry]
    25 | D:1      | Reached XP level 2. HP: 21/24 MP: 2/2
    66 | D:1      | XOM: silly message
   215 | D:1      | Gained mutation: You are mostly covered in yellow scales.
                  | (AC +3) [demonic ancestry]
   215 | D:1      | Reached XP level 3. HP: 29/29 MP: 3/3
   296 | D:1      | XOM: silly message
   786 | D:2      | Noticed Terence
   793 | D:2      | XOM: confuse monster(s)
   795 | D:2      | Killed Terence
   796 | D:2      | Reached skill level 1 in Unarmed Combat
   862 | D:2      | Noticed Natasha
   874 | D:2      | Killed Natasha
   875 | D:2      | Reached XP level 4. HP: 27/35 MP: 4/4
   992 | D:2      | Noticed Natasha
  1000 | D:2      | Killed Natasha
  1200 | D:2      | Noticed Natasha
  1202 | D:2      | XOM: potion effect (might)
  1209 | D:2      | Killed Natasha
  1210 | D:2      | Gained mutation: You have a pair of small antennae on your
                  | head. [demonic ancestry]
  1210 | D:2      | Reached XP level 5. HP: 34/41 MP: 4/6
  1253 | D:2      | Reached skill level 1 in Polearms
  1430 | D:2      | Noticed Jessica
  1436 | D:2      | Killed Jessica
  1437 | D:2      | Reached skill level 1 in Stealth
  1616 | D:2      | Found a faded altar of an unknown god.
  1934 | D:2      | XOM: silly message
  2008 | D:3      | XOM: noise
  2015 | D:3      | XOM: divination: detect creatures
  2062 | D:3      | XOM: divination: detect creatures
  2072 | D:3      | HP: 2/41 [gnoll/+0 halberd (8)]
  2073 | D:3      | Slain by a gnoll

Illustrated notes

Levels and vault maps discovered:
D:1:      minmay_arrival_solitary_statue, layout_basic, minmay_tall_x
D:2:      layout_basic, hellmonk_ecumenical_altar_leap_of_faith,
          kennysheep_jessica_study, uniq_terence, uniq_natasha
D:3:      layout_loops_ring, lightli_temple_of_fire, nicolae_elevator_lobby_plus

Skill      XL: |  1  2  3  4  5 |
---------------+----------------+-----
Dodging        | 1 2 |  2.1
Armour         | 2 |  2.4
Axes           | 3 |  3.2
Unarmed Combat | 1 |  1.5
Polearms       | 1 |  1.0
Stealth        | 1 |  1.1
Fighting       | |  3.5
Spellcasting   | |  0.8
Evocations     | |  0.6

Action                     |  1- 3 |  4- 6 || total
---------------------------+-------+-------++-------
  Melee: Hand axe          |    81 |    50 ||   131
    Use: Scroll            |       |     3 ||     3
         Potion            |       |     3 ||     3
   Stab: Sleeping          |     4 |     2 ||     6
         Confused          |     2 |       ||     2
 Armour: Leather armour    |    51 |    44 ||    95
  Dodge: Dodged            |    46 |    36 ||    82

Table legend: (Time is in decaauts)
 A = Elapsed time spent in this place.
 B = Non-inter-level travel time spent in this place.
 C = Inter-level travel time spent in this place.
 D = Time resting spent in this place.
 E = Time spent auto-exploring this place.
 F = Levels seen in this place.
 G = Mean time per level.
                   A        B        C        D        E       F      G
               +--------+--------+--------+--------+--------+-----+--------+
         Total |   2091 |   2012 |     79 |      0 |   1665 |   3 |  697.0 |
       Dungeon |   2091 |   2012 |     79 |      0 |   1665 |   3 |  697.0 |
               +--------+--------+--------+--------+--------+-----+--------+

Top non-repeatable levels by time:
     D:2: 1209 daAuts
     D:1: 761 daAuts
     D:3: 119 daAuts
